 Dungeon Crawl Stone Soup version 0.26.0-5-gb5863c6483 (webtiles) character file.

Game seed: 7343260634733140509

280 Fulmax the Cudgeller (level 6, -5/40 HPs)
             Began as a Gargoyle Gladiator on Jan 10, 2021.
             Killed from afar by an orc (9 damage)
             ... with a puff of flame
             ... on level 4 of the Dungeon.
             The game lasted 00:07:04 (3061 turns).

Fulmax the Cudgeller (Gargoyle Gladiator)           Turns: 3061, Time: 00:07:05

Health: -5/40      AC: 11    Str: 23    XL:     6   Next: 27%
Magic:  6/6        EV: 12    Int:  9    God:
Gold:   141        SH:  0    Dex: 13    Spells: 5/5 levels left

rFire    . . .     SeeInvis .   a - +0 flail
rCold    . . .     Faith    .   (no shield)
rNeg     + . .     Spirit   .   i - +0 ring mail (curse)
rPois    ∞         Reflect  .   r - +1 helmet
rElec    +         Harm     .   (no cloak)
rCorr    .         Rampage  .   (no gloves)
Will     .....                  (no boots)
Stlth    +.........             t - amulet of magic regeneration
HPRegen  0.13/turn              b - +6 ring of strength
MPRegen  0.35/turn              (no ring)

@: no status effects
A: negative energy resistance 1, electricity resistance, unbreathing,
petrification resistance, miasma immunity, AC +4
a: no special abilities


You were on level 4 of the Dungeon.
You visited 1 branch of the dungeon, and saw 4 of its levels.

You collected 141 gold pieces.

Inventory:

Hand Weapons
 a - a +0 flail (weapon)
 s - a +1 spear of venom
Missiles
 d - 3 throwing nets (quivered)
Armour
 i - a cursed +0 ring mail (worn)
 r - a +1 helmet (worn)
Jewellery
 b - a +6 ring of strength (left hand)
 t - an amulet of magic regeneration (around neck)
Wands
 c - a wand of flame (20)
 n - a wand of digging (8)
Scrolls
 e - 4 scrolls of identify
 f - 2 scrolls of teleportation
 v - 2 scrolls of remove curse
 w - 2 scrolls of magic mapping
Potions
 g - 4 potions of curing {unknown}
 h - 2 potions of cancellation {unknown}
 j - a potion of attraction {unknown}
 k - a potion of brilliance {unknown}
 l - 5 potions of lignification {unknown}
 m - a potion of berserk rage {unknown}
 o - a potion of heal wounds {unknown}
 p - a potion of flight {unknown}
 q - 3 potions of invisibility {unknown}
 u - a potion of resistance {unknown}
 x - a potion of ambrosia {unknown}


   Skills:
 + Level 5.2 Fighting
 + Level 5.2 Maces & Flails
 - Level 1.7 Throwing
 - Level 2.4 Dodging


You had 5 spell levels left.
You didn't know any spells.
Your spell library contained the following spells:

 Spells                   Type           Power        Failure   Level
 Beastly Appendage        Tmut           0%           54%         1
 Wereblood                Tmut           0%           69%         2
 Spider Form              Tmut/Pois      0%           89%         3
 Ice Form                 Ice/Tmut       0%           100%        4
 Blade Hands              Tmut           0%           100%        5


Dungeon Overview and Level Annotations

Branches:
Dungeon (4/15)
 Temple: D:4-7

Altars:
Trog
Yredelemnul


Innate Abilities, Weirdness & Mutations

You are resistant to torment.
Your stone body is resilient. (AC +4)
You are immune to poison.
You resist negative energy. (rN+)
You are resistant to electric shocks. (rElec)
You can survive without breathing.
You are immune to petrification.
You are immune to miasma.


Message History

The orc hits you but does no damage.
The orc priest mumbles some strange prayers to Beogh against you.
Beogh smites you!
* * * LOW HITPOINT WARNING * * *
You hit the orc priest.
The orc priest is almost dead.
The orc priest closely misses you.
The orc zaps a wand.
The puff of flame hits you!
* * * LOW HITPOINT WARNING * * *
You closely miss the orc priest.
The orc priest is almost dead.
The worker ant bites you but does no damage.
The orc misses you. The orc priest completely misses you.
You hit the orc priest.
You kill the orc priest!
The worker ant barely misses you.
The orc zaps a wand.
The puff of flame hits you but does no damage.
The worker ant closely misses you.
The orc zaps a wand.
The puff of flame hits you!
You die...

...#,,........###,**,,,,,,,,*
####****......>.,,,,,,,,,,,,*
,8,,8,8*,,...).,*,#*,,,,,,,,*
8_,,,_,*,,,#[.#**.#*,,,,,,,,*
,,,,,,,****#)s###.##...,,,,,*
8,,,,,,,,,8#.........#*******
,_,,,_,,,,,+..#.######
8,,,,,,,,,8#..oB###
,,,,,,,###*#....@.# ###
8_,,,_,#.# #..##..# #####.###
,8,,8,8#.# #..##..######.......##
########.# #..#..................
.##...#..###......#..........#.##
..............#.###.......##.#.#
.##......###..#.# #.......##.#.#
.....#........#.###............#
.##..#...###..#.........####...#


You could see a scorpion, a worker ant and an orc.

Vanquished Creatures
  A hound (D:4)
  An orc priest (D:4)
  Robin (D:3)
  11 adders
  3 worms
  A dart slug (D:1)
  3 leopard geckos
  13 orcs
  8 bats
  8 giant cockroaches
  10 hobgoblins
  7 kobolds
  2 quokkas (D:3)
  A ball python (D:2)
  A ball python skeleton (D:4)
  5 frilled lizards
  6 goblins
  A jackal skeleton (D:4)
  5 rats
88 creatures vanquished.

Notes
Turn   | Place    | Note
-------+----------+-------------------------------------------
     0 | D:1      | Fulmax the Gargoyle Gladiator began the quest for the Orb.
     0 | D:1      | Reached XP level 1. HP: 12/12 MP: 1/1
   195 | D:1      | Reached XP level 2. HP: 18/18 MP: 2/2
   713 | D:2      | Reached XP level 3. HP: 23/23 MP: 3/3
   734 | D:2      | Found a faded altar of an unknown god.
   804 | D:2      | Reached XP level 4. HP: 24/29 MP: 4/4
  1342 | D:2      | Found a basalt altar of Yredelemnul.
  1342 | D:2      | Found a bloodstained altar of Trog.
  1834 | D:3      | Reached XP level 5. HP: 19/33 MP: 5/5
  2122 | D:3      | Noticed Robin
  2147 | D:3      | Killed Robin
  3041 | D:4      | Reached skill level 5 in Fighting
  3041 | D:4      | Reached skill level 5 in Maces & Flails
  3041 | D:4      | Reached XP level 6. HP: 34/40 MP: 6/6
  3061 | D:4      | Killed from afar by an orc

Illustrated notes

Levels and vault maps discovered:
D:1:      minmay_arrival_glassed_features, layout_basic, hex_large
D:2:      layout_basic, gammafunk_temple_overflow_elements,
          chequers_ecumenical_altar_simple_redux
D:3:      minmay_octagon_keep, layout_loops_ring, uniq_robin
D:4:      layout_basic, doesnt_xom_only_xom

Skill      XL: |  1  2  3  4  5 |
---------------+----------------+-----
Fighting       | 3 4 5 |  5.2
Maces & Flails | 4 5 |  5.2
Throwing       | |  1.7
Dodging        | |  2.4

Action                   |  1- 3 |  4- 6 || total
-------------------------+-------+-------++-------
Melee: Flail             |    73 |   216 ||   289
  Use: Scroll            |       |     7 ||     7
Armor: Ring mail         |    45 |   119 ||   164
Dodge: Dodged            |    65 |   176 ||   241
